 Dungeon Crawl Stone Soup version 0.28.0 (webtiles) character file.

Game seed: 17370845787814829927

284 Morbidden the Sneak (level 6, -19/32 HPs)
             Began as a Vine Stalker Brigand on Feb 10, 2022.
             Killed from afar by Ijyb (21 damage)
             ... with a bolt of acid
             ... on level 3 of the Dungeon.
             The game lasted 00:03:30 (2386 turns).

Morbidden the Sneak (Vine Stalker Brigand)          Turns: 2386, Time: 00:03:30

Health: -19/32     AC: -1    Str: 15    XL:     6   Next: 29%
Magic:  0/9        EV: 12    Int: 11    God:
Gold:   103        SH:  0    Dex: 16    Spells: 8/8 levels left

rFire   . . .      SeeInvis .   a - +2 dagger
rCold   . . .      Faith    .   (no shield)
rNeg    . . .      Spirit   +   n - +0 robe
rPois   .          Reflect  .   (no helmet)
rElec   .          Harm     .   c - +0 cloak
rCorr   .          Rampage  .   (no gloves)
Will    .....                   (no boots)
Stlth   +++.......              (no amulet)
HPRegen 0.90/turn               (no ring)
MPRegen 0.11/turn               (no ring)

@: corroded
A: fangs 2, regeneration 1, magic shield, antimagic bite, no potion heal 2
a: no special abilities


You were on level 3 of the Dungeon.
You visited 1 branch of the dungeon, and saw 3 of its levels.

You collected 103 gold pieces.

Inventory:

Hand Weapons
 a - a +2 dagger (weapon)
 b - a +0 vampiric short sword
Missiles
 d - 6 poisoned darts
 e - 6 curare-tipped darts (quivered)
Armour
 c - a +0 cloak (worn)
 g - a scarf of repulsion
 n - a +0 robe (worn)
Scrolls
 f - 2 scrolls of immolation {unknown}
 i - 2 scrolls of silence {unknown}
 j - 3 scrolls of identify {unknown}
 l - a scroll of magic mapping {unknown}
 m - a scroll of teleportation {unknown}
Potions
 h - a potion of curing
 k - a potion of flight {unknown}
 o - 2 potions of cancellation {unknown}
 p - a potion of ambrosia {unknown}


   Skills:
 * Level 2.7 Fighting
 * Level 3.4 Short Blades
 + Level 2.3 Throwing
 + Level 1.4 Dodging
 + Level 6.4 Stealth
 * Level 1.6 Spellcasting


You had 8 spell levels left.
You didn't know any spells.
Your spell library contained the following spells:

 Spells                   Type           Power      Damage    Failure   Level
 Magic Dart               Conj           0%         1d3       30%         1
 Call Imp                 Summ           0%         N/A       43%         2
 Ensorcelled Hibernation  Hex/Ice        0%         N/A       43%         2
 Mephitic Cloud           Conj/Pois/Air  0%         N/A       67%         3
 Spider Form              Tmut/Pois      0%         N/A       67%         3
 Anguish                  Hex/Necr       0%         N/A       97%         4


Dungeon Overview and Level Annotations

Branches:
Dungeon (3/15)

Altars:
The Shining One

Shops:
D:2 :

Annotations:
D:3 Ijyb


Innate Abilities, Weirdness & Mutations

You have extremely sharp teeth.
Your natural rate of healing is unusually fast.
When hurt, damage is shared between your health and your magic reserves.
Your bite disrupts and absorbs the magic of your enemies.
Potions cannot restore your health.


Message History

You kill the hobgoblin!
h - 2 silvery potions (gained 1)
An adder comes into view.
An adder is nearby!
An adder is nearby!
The helpless adder fails to defend itself.
You perforate the adder like a sieve!!!
You kill the adder!
No target in view!
You see here an adder corpse.
Ijyb the Twisted Goblin comes into view.
She is wielding a +4 club and carrying a wand of acid (12).
Found a stone staircase leading down.
Ijyb shouts!
Ijyb is nearby!
Ijyb zaps a wand.
The bolt of acid misses you.
Found a garnet ring.
Ijyb is nearby!
Ijyb completely misses you.
Unknown command.
Throw: 7 darts (curare)
Press: ? - help, Q - select action, (/) - cycle Shift-Dir - straight line, f - Ijyb
Aim: Ijyb, wielding a +4 club, wearing a +0 ring mail and carrying a wand of acid (11) (58% to hit)
You throw a curare-tipped dart.
The curare-tipped dart barely misses Ijyb.
Ijyb hits you with a +4 club.
Unknown command.
Hit: a) +2 dagger
Press: ? - help, Dir - move target, f/p - Ijyb
Aim: Ijyb, wielding a +4 club, wearing a +0 ring mail and carrying a wand of acid (11) (about 35% to evade your +2 dagger)
You hit Ijyb but do no damage.
An orc comes into view. It is wielding a +0 falchion.
Ijyb zaps a wand.
The bolt of acid hits you!!
Ouch! That really hurt!
* * * LOW HITPOINT WARNING * * *
The acid corrodes you!
Unknown command.
It was a potion of curing.
That felt strangely inert.
Ijyb zaps a wand.
The bolt of acid hits you!!
Ouch! That really hurt!
You die...

.......# ###.......
####.#.###......###
##.#.#...#..#.# #
####..>...###.#..#
#....>#.####..#.####
#...#............#
##..†...###.##..
###..###### #.# .
#@..## #.#
#....g.......... ...
#..##o###########
#.# ... #.. .... ##
.=.#. ####


You could see Ijyb and an orc.

Vanquished Creatures
  Sigmund (D:3)
  A hound skeleton (D:3)
  A gnoll (D:1)
  3 adders
  3 worms (D:2)
  2 dart slugs
  An orc (D:3)
  8 bats
  3 endoplasms
  3 giant cockroaches
  7 goblins
  4 hobgoblins
  10 jackals
  A quokka (D:1)
  4 ball pythons
  4 frilled lizards
  3 kobolds
  4 rats
63 creatures vanquished.

Notes
Turn   | Place    | Note
-------+----------+-------------------------------------------
     0 | D:1      | Morbidden the Vine Stalker Brigand began the quest for the
                  | Orb.
     0 | D:1      | Reached XP level 1. HP: 11/11 MP: 2/2
   443 | D:1      | Reached skill level 5 in Stealth
   443 | D:1      | Reached XP level 2. HP: 15/15 MP: 3/3
   625 | D:1      | Found a faded altar of an unknown god.
   748 | D:1      | Reached XP level 3. HP: 18/18 MP: 4/4
  1168 | D:2      | Found a glowing golden altar of the Shining One.
  1256 | D:2      | Reached skill level 1 in Dodging
  1565 | D:2      | Gained mutation: Your natural rate of healing is unusually
                  | fast. [Vine Stalker growth]
  1565 | D:2      | Reached XP level 4. HP: 15/23 MP: 5/5
  1827 | D:2      | Found Jeyntaul's Book Boutique.
  2075 | D:3      | Reached skill level 6 in Stealth
  2193 | D:3      | Reached XP level 5. HP: 27/27 MP: 7/7
  2236 | D:3      | Noticed Sigmund
  2243 | D:3      | Killed Sigmund
  2244 | D:3      | Reached skill level 1 in Spellcasting
  2244 | D:3      | Reached XP level 6. HP: 23/32 MP: 6/9
  2379 | D:3      | Noticed Ijyb
  2385 | D:3      | HP: 1/32 [Ijyb/bolt of acid (27)]
  2386 | D:3      | Killed from afar by Ijyb

Illustrated notes

Levels and vault maps discovered:
D:1:      psy_arrival_dodecagon, layout_basic, chequers_ecumenical_altar_simple
D:2:      layout_basic, basic_altar, serial_shops, nicolae_lakefront_shop
D:3:      layout_rooms, skrybe_limestone_x, st_stairs_12, uniq_ijyb,
          uniq_sigmund

Skill      XL: |  1  2  3  4  5 |
---------------+----------------+-----
Fighting       | 2 |  2.7
Short Blades   | 2 3 |  3.4
Stealth        | 5 6 |  6.4
Throwing       | 2 |  2.3
Dodging        | 1 |  1.4
Spellcasting   | 1 |  1.6

Action                   |  1- 3 |  4- 6 || total
-------------------------+-------+-------++-------
Melee: Dagger            |    85 |    73 ||   158
       Bite              |    22 |    18 ||    40
       Punch             |     1 |     1 ||     2
Throw: Dart              |    19 |     4 ||    23
  Use: Potion            |       |     1 ||     1
 Stab: Sleeping          |     5 |     9 ||    14
       Distracted        |       |     1 ||     1
Armor: Robe              |    17 |    14 ||    31
Dodge: Dodged            |    55 |    43 ||    98
